[Event "CCT Chessable Masters Playin Match 2025"]
[Site "Online"]
[Date "2025.02.17"]
[Round "1.1"]
[White "Duda, Jan-Krzysztof"]
[Black "Aravindh, Chithambaram VR."]
[Result "1-0"]
[Annotator "TA"]
[ECO "E26"]
[WhiteElo "2739"]
[BlackElo "2729"]
[PlyCount "139"]
[EventDate "2025.02.13"]
[EventType "k.o."]
[EventCountry "NET"]
[SourceTitle "playchess.com"]
[Source "ChessBase"]
[SourceQuality "1"]
[TimeControl "600"]

1. d4 Nf6 2. c4 e6 3. Nc3 Bb4 4. a3 Bxc3+ 5. bxc3 c5 6. e3 b6 7. Bd3 Nc6 8. e4 d6 {[%emt 0:00:09] E26: Nimzo-Indian: Sämisch: 5...c5 6 e3.} 9. Ne2 Na5 $5 {[%emt 0:00:40][%mdl 4] Leaves trodden paths.} 10. Bg5 Qc7 $146 (10... h6 $11 11. Bh4 Ba6) (10... h6 11. Bh4 e5 12. O-O Ba6 13. d5 Qd7 14. Bxf6 gxf6 15. Ng3 Bxc4 16. Nh5 O-O-O 17. Nxf6 {1-0 Khuslen,E (1439)-Romany,J (1747) Wch U14 Girls 2022 (9)}) 11. Bxf6 gxf6 12. Ng3 Bb7 13. Nh5 Qe7 14. O-O Rg8 15. Qf3 Rg6 16. d5 O-O-O {[%emt 0:01:04] [#]} 17. e5 $2 fxe5 $1 $19 18. Bxg6 hxg6 19. Qf6 {[%emt 0:00:13] [#]} Kd7 20. dxe6+ Qxe6 21. Qxe6+ Kxe6 22. Ng3 Nxc4 23. f4 f5 24. fxe5 dxe5 25. Rfd1 Bd5 26. a4 e4 27. Ne2 Ke5 {[%emt 0:00:01] Against Nf4} 28. h4 f4 29. a5 b5 (29... bxa5 30. Rab1) (29... Nxa5 30. g3 fxg3 31. Nxg3 $19) 30. a6 Ne3 31. Rd2 Rh8 $2 (31... Rf8 $19 {aiming for ...Nc4.} 32. g3 f3) 32. Nxf4 $1 $15 Kxf4 33. Re1 b4 (33... Rxh4 34. Rf2+ Ke5 35. Rxe3 $11) 34. cxb4 cxb4 (34... Rxh4 35. bxc5 Nxg2 36. Rf2+ (36. Rxg2 e3 $17) (36. Kxg2 Rg4+ 37. Kf1 Ke5 $16) 36... Ke5 37. Rxg2 $18) 35. Rf2+ ({Only move:} 35. g3+ $1 $15 Ke5 (35... Kxg3 36. Rxe3+ Kf4 37. Re1 $15) (35... Kf3 36. Rf2+ Kxg3 37. Rxe3+ Kg4 38. Kg2 $14) 36. Rxe3) 35... Ke5 $19 36. Rxe3 {[%emt 0:00:00][%mdl 4096] Endgame KRR-KRB} b3 (36... Rxh4 37. Rf8 $15) 37. Rg3 {[%emt 0:00:06] [#]} Rb8 $2 (37... Rxh4 38. Rg5+ Ke6 (38... Kd6 $2 39. Rd2 $18) 39. Rxg6+ Ke7 (39... Ke5 40. Rg5+ Ke6 41. Rf8 $14) 40. Rg5 $16 (40. Rg7+ Kd6 $18)) ({Black should try} 37... Bc4 $1 $19 38. Rd2 Bd3 (38... Bxa6 39. Rxb3 Rxh4 40. Rd7 $16) (38... Rxh4 39. Rc3 $11) 39. Rxg6 Rb8 (39... Rxh4 40. Rg7 $11)) 38. Rg5+ $1 $11 {[%emt 0:00:04] The position is equal.} (38. Rxg6 $2 b2 39. Rg5+ Kd6 $19) 38... Kd4 39. Rd2+ (39. Rxg6 $2 {loses.} b2 40. Rd2+ Kc3 $19) 39... Ke3 $1 40. Rgxd5 b2 41. Rxb2 Rxb2 {[%emt 0:00:02] KR-KR} 42. Rd7 Kf4 43. Kh2 Kg4 44. Rxa7 Ra2 45. Re7 Kxh4 46. Rxe4+ Kg5 47. Re6 Kf5 48. Rb6 Ra3 49. g3 g5 50. Kh3 Ra4 51. Rc6 Ra1 52. Rc5+ Kg6 53. Rc6+ Kf5 54. Rd6 g4+ 55. Kg2 Ra2+ 56. Kf1 Ke4 57. Rf6 Ke3 58. Kg1 Ra1+ 59. Kg2 Ra2+ 60. Kh1 Ra1+ 61. Kh2 Ra2+ 62. Kg1 Ra1+ 63. Rf1 Rxa6 64. Kh1 Ra3 65. Kh2 Rd3 66. Kg1 Rd2 67. Ra1 Ke2 {[%emt 0:00:01] ( -> ...Rd1+)} (67... Kf3 $5) 68. Kg2 Ke3+ 69. Kf1 Rd3 70. Kg2 {[%emt 0:00:06][%mdl 32768] Weighted Error Value: White=0.16 (very precise) /Black=0.17 (very precise)  Sensor Board Error (Ke4/e5)?  Loses game:     	White=1     	---        Missed win:     	---       	Black=2      Mistake:       	White=1     	Black=1      Inaccurate:     	White=1     	Black=1      OK:         	White=22    	Black=29     Best:        	White=3     	Black=5      Strong:       	White=2     	Black=2} 1-0

[Event "CCT Chessable Masters Playin Match 2025"]
[Site "Online"]
[Date "2025.02.17"]
[Round "1.1"]
[White "Vachier-Lagrave, Maxime"]
[Black "Sevian, Samuel"]
[Result "1/2-1/2"]
[Annotator "ChessBase"]
[ECO "C83"]
[WhiteElo "2729"]
[BlackElo "2692"]
[PlyCount "66"]
[EventDate "2025.02.13"]
[EventType "k.o."]
[EventCountry "NET"]
[SourceTitle "playchess.com"]
[Source "ChessBase"]
[SourceQuality "1"]
[TimeControl "600"]

1. e4 e5 2. Nf3 Nc6 3. Bb5 a6 4. Ba4 Nf6 5. O-O Nxe4 6. d4 b5 7. Bb3 d5 8. dxe5 Be6 9. c3 Be7 10. Bf4 O-O 11. Nbd2 Nc5 12. Bc2 d4 13. Nb3 d3 14. Nxc5 dxc2 15. Qxd8 Raxd8 16. Nxe6 fxe6 17. Be3 Rd5 18. Rac1 Nxe5 19. Nxe5 Rxe5 20. Rxc2 Bc5 21. Bxc5 Rxc5 22. Rd1 Rd5 23. Rxd5 exd5 24. Rd2 c6 25. f3 Kf7 26. Kf2 Ke6 27. b4 Kd6 28. Ke3 Re8+ 29. Kd3 Re1 30. Re2 Rd1+ 31. Rd2 Re1 32. Re2 Rd1+ 33. Rd2 Re1 1/2-1/2

[Event "CCT Chessable Masters Playin Match 2025"]
[Site "Online"]
[Date "2025.02.17"]
[Round "1.1"]
[White "Yu, Yangyi"]
[Black "Yakubboev, Nodirbek"]
[Result "1-0"]
[Annotator "TA"]
[ECO "B12"]
[WhiteElo "2715"]
[BlackElo "2659"]
[PlyCount "63"]
[EventDate "2025.02.13"]
[EventType "k.o."]
[EventCountry "NET"]
[SourceTitle "playchess.com"]
[Source "ChessBase"]
[SourceQuality "1"]
[TimeControl "600"]

1. e4 c6 2. d4 d5 3. e5 Bf5 4. h4 h5 5. Bd3 Bxd3 6. Qxd3 {[%emt 0:00:00][%cal Oe5e6] B12: Caro-Kann: Advance Variation.} Qa5+ {[%emt 0:00:00] is now more promising than 6...e6.} 7. Nd2 e6 8. Ngf3 {[%emt 0:00:03] The position is equal.} Qa6 9. c4 Nh6 10. O-O Nf5 11. b3 Nd7 12. a4 Bb4 13. Ba3 Qa5 (13... Bxd2 $11 {is more appropriate.} 14. Qxd2 dxc4) 14. Bxb4 $14 Qxb4 15. a5 O-O 16. Rfc1 $146 (16. g3 f6 17. exf6 gxf6 18. Rfe1 Ng7 19. Nf1 Qe7 20. Ne3 Qf7 21. cxd5 cxd5 22. Rac1 {0-1 Silva,K (2224)-Kropff Gomez,R (2047) Florianopolis Winter op 8th 2024 (3)}) 16... Rfc8 17. g3 Qe7 18. Nf1 Nf8 19. Ne3 Nxe3 20. Qxe3 f6 {[%emt 0:00:35] White has space advantage and is better} (20... b6 $142) 21. exf6 $16 gxf6 22. a6 b6 23. Rc2 {[%emt 0:00:07] White is more active.} Rd8 (23... Rc7 $16 24. cxd5 cxd5 25. Rxc7 Qxc7) 24. cxd5 $18 cxd5 25. Rac1 {[%emt 0:00:01] aiming for Qh6.} Rd7 (25... Kg7 $142 26. Ne1 (26. Rc7 Rd7 $18) 26... Rd7) 26. Qh6 Qg7 27. Qxh5 Qg6 (27... Qf7 {keeps fighting.} 28. Qxf7+ Kxf7) 28. Qxg6+ {[%emt 0:00:04] White is clearly winning.} Nxg6 29. h5 Ne7 30. Rc7 Rad8 31. Rb7 Rxb7 (31... Nf5 $142 32. Rcc7 Rxc7 33. Rxc7 Ra8) 32. axb7 {[%emt 0:00:01] Weighted Error Value: White=0.05 (flawless) /Black=0.51  Mistake:       	---       	Black=6      Inaccurate:     	White=1     	Black=1      OK:         	White=13    	Black=8      Best:        	White=2     	---} 1-0

[Event "CCT Chessable Masters Playin Match 2025"]
[Site "Online"]
[Date "2025.02.17"]
[Round "1.1"]
[White "Andreikin, Dmitry"]
[Black "Esipenko, Andrey"]
[Result "1-0"]
[Annotator "TA"]
[ECO "D37"]
[WhiteElo "2695"]
[BlackElo "2695"]
[PlyCount "201"]
[EventDate "2025.02.13"]
[EventType "k.o."]
[EventCountry "NET"]
[SourceTitle "playchess.com"]
[Source "ChessBase"]
[SourceQuality "1"]
[TimeControl "600"]

1. d4 Nf6 2. c4 e6 3. Nf3 d5 4. e3 Be7 5. Nc3 O-O 6. a3 c5 7. dxc5 {[%emt 0:00:01] D37: Queen's Gambit Declined: 5 Bf4.} dxc4 {[%emt 0:00:04] is now more promising than 7...Bxc5.} 8. Qc2 Qa5 9. Bxc4 {[%emt 0:00:03] The position is equal.} Qxc5 10. Bd3 Nbd7 $146 (10... b6 11. b4 Qc7 12. Bb2 Bb7 13. Rc1 Rc8 14. Qb1 Qd8 15. O-O Nbd7 16. Rfd1 h6 {1-0 Andreikin,D (2724)-Wojtaszek,R (2725) Jerusalem FIDE GP 2019 (1.4)}) 11. b4 {[%emt 0:00:30] Prevents b6.} Qc7 12. Bb2 b6 13. Rc1 Qd8 {[%emt 0:00:58] [#]} (13... Qb8 $11) 14. O-O {[%emt 0:00:17] White has more active pieces. The black rooks are passive.} (14. e4 $1 $16 ) 14... Bb7 $14 15. Ng5 h6 16. Nh7 Re8 17. Rfd1 Qb8 18. Nxf6+ Nxf6 19. Qe2 a5 20. b5 a4 (20... Ra7 $11) 21. h3 (21. Bc2 $16) 21... Rc8 $11 22. Bb1 Bd6 23. Qd3 Rd8 24. Qc2 Rc8 25. Qd3 Rd8 {[%emt 0:00:01] ...Bh2+ is the strong threat.} 26. Qc4 Rc8 27. Qd4 Bc5 28. Qh4 Be7 (28... Qe5 $1 $15 {keeps the upper hand.} 29. Rd3 (29. Nxa4 $2 Rxa4 30. Qxa4 Qxb2 $19) 29... Be7) 29. Nxa4 $16 {[%emt 0:00:20] White has a queen side majority} Qa7 30. Rxc8+ Rxc8 31. Qd4 e5 32. Qh4 (32. Qxe5 $16 Bxa3 (32... Qxa4 33. Rd4 $18) 33. Qd4 (33. Nxb6 Re8 $16) 33... Bxb2 34. Nxb2) 32... Nd5 (32... Bd5 $1 $11 33. Nc3 (33. Bxe5 $2 Bb3 $19) 33... Bb3) 33. Qe4 Nf6 {[%emt 0:00:01] Against Qh7+} 34. Qh4 (34. Qxe5 $16 Bxa3 (34... Qxa4 35. Rd4 $16) 35. Qd4 (35. Nxb6 Re8 $16) 35... Bxb2 36. Nxb2) 34... Nd5 $11 35. Qg4 Nf6 $36 {[%emt 0:00:01][%cal Bd5f6,Bf6e4,Be4d6,Bd6c4,Bc4e3][%mdl 2080] Black is more active.} 36. Qf5 Qxa4 37. Rd7 Be4 (37... Nxd7 38. Qh7+ Kf8 39. Qh8#) 38. Bxe4 Qxe4 (38... Nxd7 39. Qh7+ Kf8 40. Qh8#) 39. Qxe4 (39. Qxe5 $2 Qxe5 $19 (39... Nxd7 40. Qxg7#)) 39... Nxe4 40. Rxe7 {[%emt 0:00:01][%mdl 4096] Endgame KRB-KRN. White is a pawn up.} f6 41. f3 Nd6 42. a4 Rc2 43. Ba3 Nc4 44. Bb4 Nxe3 45. a5 $1 bxa5 (45... Nxg2 $2 46. axb6 Kh7 47. b7 $18) 46. b6 Rb2 (46... axb4 $2 47. b7 Rxg2+ 48. Kh1 $18) (46... Rxg2+ $11 47. Kh1 Rb2 (47... axb4 $2 48. b7 $18)) 47. b7 $16 Rxb4 {[%emt 0:00:02] KRN-KR} 48. Re8+ Kf7 49. b8=Q ({Reject} 49. b8=R Ra4 $11) 49... Rxb8 50. Rxb8 {[%emt 0:00:00] KR-KN} h5 51. Rb7+ Kg6 52. Rc7 h4 53. Rc5 Nf5 54. Rxa5 Nd4 55. Ra4 Kh5 56. Kf2 Ne6 57. Ra6 Nf4 58. Ra7 Kg6 59. Ra6 (59. Kf1 $16) 59... Kh6 (59... Kh5 $1 $11) 60. Ra3 Kg5 61. Rb3 Kh6 62. Rb8 Kg6 63. Rg8 Kh7 64. Rf8 Kg6 65. Rh8 Kg5 66. Rh7 g6 67. Rh8 Nh5 68. Rb8 Nf4 69. Rb5 Nh5 70. Ra5 Nf4 71. Ra4 Nh5 $2 {[%emt 0:00:00] A mistake that costs the game.} (71... Kf5 $16 {was worth a try.}) 72. Rg4+ $18 Kh6 73. Rxh4 {[%emt 0:00:01] Threatens to win with g4.} g5 74. Ra4 Nf4 75. Ra6 Kg6 76. Ra5 Nd3+ 77. Kg1 Nf4 78. Ra3 Ne2+ 79. Kh2 Nd4 80. Ra4 Ne2 81. h4 gxh4 82. Rxh4 Nf4 83. Rh8 Ne6 84. Rg8+ Ng7 85. Ra8 Kf7 86. Kh3 Kg6 87. Ra7 Nf5 88. Ra6 Ne3 89. Kg3 Nf5+ 90. Kf2 Nd4 91. g3 Kg5 92. Ra5 Kg6 93. Rc5 Ne6 94. Rc1 Nd4 95. Re1 Nf5 96. Re2 Nd4 97. Re4 Ne6 98. Rg4+ Kf5 99. Rb4 Ng5 100. f4 Kg6 $2 {[#]} (100... Ne6 $18) 101. fxg5 {[%emt 0:00:01] Weighted Error Value: White=0.12 (very precise) /Black=0.19 (very precise)   Loses game:     	---       	Black=1      Mistake:       	White=5     	Black=7      Inaccurate:     	White=2     	Black=1      OK:         	White=31    	Black=34     Best:        	White=7     	Black=4      Strong:       	White=1     	---} 1-0

[Event "CCT Chessable Masters Playin Match 2025"]
[Site "Online"]
[Date "2025.02.17"]
[Round "1.1"]
[White "Sadhwani, Raunak"]
[Black "Grischuk, Alexander"]
[Result "1-0"]
[Annotator "TA"]
[ECO "D35"]
[WhiteElo "2666"]
[BlackElo "2687"]
[PlyCount "105"]
[EventDate "2025.02.13"]
[EventType "k.o."]
[EventCountry "NET"]
[SourceTitle "playchess.com"]
[Source "ChessBase"]
[SourceQuality "1"]
[TimeControl "600"]

1. c4 e6 2. Nc3 d5 3. d4 Be7 4. cxd5 exd5 5. Bf4 Nf6 6. e3 Bf5 7. Qb3 Nc6 8. Nf3 {[%emt 0:00:15] D35: Queen's Gambit Declined: Exchange Variation.} O-O 9. Be2 $5 {[%emt 0:00:01][%mdl 4] Exploring less charted territory.} Na5 10. Qd1 {[%emt 0:00:01] The position is equal.} Nc4 11. Qc1 Nd6 $146 ({Predecessor:} 11... c6 12. O-O Nh5 13. Be5 f6 14. Bg3 Nxg3 15. hxg3 Nb6 16. Nh4 Bd7 17. Bd3 f5 {0-1 Dao,T (2524)-Wang,Y (2734) Asian Indoor Games 3rd fin rapid 2009 (1)}) 12. O-O a5 13. Ne5 c6 14. h3 h6 15. a4 Re8 16. f3 Bh7 17. g4 Nd7 18. b3 Bg5 19. Qd2 f6 20. Nxd7 Qxd7 21. Bd3 Bxd3 22. Qxd3 Re6 23. Rae1 Rae8 {[%emt 0:00:04] [#]} 24. Re2 Bxf4 25. exf4 Rxe2 26. Nxe2 Qe7 (26... b5 {simplifies} 27. axb5 cxb5 28. Ra1 a4) 27. Kf2 {[%emt 0:00:03] [#]} f5 $1 28. Ng3 Qf6 {[%emt 0:00:33] ...fxg4 would now be deadly.} (28... g6 29. Qd2 Kf7 30. g5 b5) 29. Qd2 $1 g6 30. Kg2 (30. g5 {keeps more tension.} Qe7 31. h4 h5 32. Ne2) 30... Re6 31. Rf2 h5 32. g5 Qe7 33. Re2 Rxe2+ 34. Nxe2 $11 {[%emt 0:00:00][%mdl 4096] Endgame KQN-KQN} Nf7 35. Nc1 b6 36. Nd3 Kg7 37. Kf2 Nd8 38. Qc3 Qd6 39. Ne5 Ne6 40. Qxc6 (40. Nxc6 $2 Qc7 (40... Qxf4 41. Qe3 $17) (40... Nxf4 41. h4 $14) 41. h4 Kh7 $19 (41... Nxf4 42. Qe3 $11)) 40... Qxc6 41. Nxc6 {[%emt 0:00:00] And now Ke3 would win.} Nxf4 {[%emt 0:00:00] KN-KN} 42. h4 Kf7 43. Na7 Ke6 44. Nb5 Nd3+ 45. Ke3 Nc1 46. Kd2 Na2 (46... Nxb3+ $2 {perishes.} 47. Kc2 Nc5 (47... Na1+ $2 48. Kb2 $18) 48. dxc5 bxc5 49. Nc3 $18) 47. Kc2 Nb4+ 48. Kd2 Nc6 49. Ke3 Kd7 50. Nc3 Kd6 51. Ne2 Ke6 $2 (51... Kd7 $11 {and Black stays safe.}) 52. Nf4+ $18 Kf7 53. Nxd5 {[%emt 0:00:01] Weighted Error Value: White=0.06 (flawless) /Black=0.21 (precise)   Loses game:     	---       	Black=1      Inaccurate:     	White=1     	Black=4      OK:         	White=15    	Black=15     Best:        	White=3     	Black=1      Strong:       	White=1     	---} 1-0

[Event "CCT Chessable Masters Playin Match 2025"]
[Site "Online"]
[Date "2025.02.17"]
[Round "1.1"]
[White "Lu, Shanglei"]
[Black "Giri, Anish"]
[Result "1/2-1/2"]
[Annotator "TA"]
[ECO "C54"]
[WhiteElo "2618"]
[BlackElo "2728"]
[PlyCount "73"]
[EventDate "2025.02.13"]
[EventType "k.o."]
[EventCountry "NET"]
[SourceTitle "playchess.com"]
[Source "ChessBase"]
[SourceQuality "1"]
[TimeControl "600"]

1. e4 e5 2. Nf3 Nc6 3. Bc4 Bc5 4. c3 Nf6 5. d3 a5 6. O-O {[%emt 0:00:04] C54: Giuoco Piano: 4 c3 Nf6, main lines with 5 d4 and 5 d3.} d6 7. Nbd2 O-O 8. h3 Be6 9. Bb5 Ba7 $1 {[%emt 0:00:02][%mdl 4] now scores much better than the old 9...h6.} 10. Re1 Ne7 11. d4 Ng6 12. Nf1 exd4 13. cxd4 d5 14. e5 Ne4 15. Bd3 f6 16. exf6 Qxf6 {[%emt 0:00:06] ...Nh4 poses a challenge} 17. N1h2 (17. Be3 $5) 17... Nh4 $146 (17... c6 18. Qc2 Bf5 19. Be3 Rae8 20. Rad1 Bb8 21. Qb3 b5 22. Nd2 a4 23. Nxe4 Bxe4 {0-1 Myagmarsuren,E (2139)-Prraneeth,V (2437) Fagernes op-A 2023 (1)}) 18. Bxe4 {[%emt 0:00:19] The position is equal.} dxe4 19. Rxe4 Nxf3+ ({Much worse is} 19... Nxg2 $6 20. Kxg2 Qg6+ 21. Rg4 Bxg4 22. hxg4 $16 (22. Nxg4 Rae8 $14)) 20. Nxf3 Bd5 21. Rf4 Qd6 22. Rg4 Bxf3 23. gxf3 Rad8 24. Be3 Qd5 25. Rg5 Qxf3 26. Qxf3 {[%emt 0:00:37] Successful Defense White} (26. Rxa5 {feels hotter.} Qxh3 27. Rxa7 Rf6 28. Qb3+) 26... Rxf3 27. Rxa5 Bxd4 28. Bxd4 Rxd4 $11 {[%emt 0:00:01][%mdl 4096] Endgame KRR-KRR} 29. Rc1 c6 (29... Rxh3 30. Ra8+ Kf7 31. Rxc7+ Kg6 32. Rg8 $18) 30. Kg2 Rf6 31. Rc2 {[%emt 0:00:03] Prevents Rd2} Rb4 32. Re5 h6 33. b3 Rg6+ 34. Kh2 Rf6 35. Kg2 Rg6+ 36. Kh2 Rf6 37. Kg2 {[%emt 0:00:01] An interesting draw.   Weighted Error Value: White=0.04 (flawless) /Black=0.04 (flawless)   Inaccurate:     	White=2     	---        OK:         	White=12    	Black=15} 1/2-1/2

[Event "CCT Chessable Masters Playin Match 2025"]
[Site "Online"]
[Date "2025.02.17"]
[Round "1.1"]
[White "Lazavik, Denis"]
[Black "Artemiev, Vladislav"]
[Result "0-1"]
[Annotator "RC"]
[ECO "E24"]
[WhiteElo "2572"]
[BlackElo "2691"]
[PlyCount "186"]
[EventDate "2025.02.13"]
[EventType "k.o."]
[EventCountry "NET"]
[SourceTitle "playchess.com"]
[Source "ChessBase"]
[SourceQuality "1"]
[TimeControl "600"]

1. d4 Nf6 2. c4 e6 3. Nc3 Bb4 4. a3 Bxc3+ 5. bxc3 Nc6 6. f3 b6 7. e4 h6 8. Bd3 Ba6 9. f4 Na5 10. Qe2 c5 11. Nf3 cxd4 12. cxd4 Rc8 13. Nd2 d5 14. exd5 O-O 15. d6 Qxd6 16. Bb2 Qxf4 17. Rf1 Qh4+ 18. g3 Qg4 19. Rc1 Qxe2+ 20. Kxe2 Rfd8 21. Rc2 Nc6 22. Nf3 Re8 23. Rfc1 Rcd8 24. Rd2 e5 25. dxe5 Ng4 26. Be4 Rxd2+ 27. Nxd2 Ncxe5 28. h3 Nf6 29. Bxe5 Rxe5 30. Kd3 Rg5 31. g4 h5 32. Bf3 hxg4 33. hxg4 Nxg4 34. Ne4 Ne5+ 35. Ke3 Nxf3 36. Nxg5 Nxg5 37. c5 bxc5 38. Rxc5 Ne6 39. Ra5 Nc7 40. Rc5 Ne6 41. Ra5 Bc4 42. Rxa7 g5 43. Ra4 Bd5 44. Ra5 Bh1 45. a4 Kg7 46. Rb5 Bc6 47. Rb4 f5 48. a5 f4+ 49. Kd2 g4 50. Rb6 Bd5 51. Rd6 g3 52. Ke1 Bc4 53. Rc6 Bd5 54. Rd6 Ba2 55. Rd3 Ng5 56. a6 f3 57. Rd2 f2+ 58. Rxf2 gxf2+ 59. Kxf2 Bd5 60. a7 Ba8 61. Ke3 Ne6 62. Kd3 Nd8 63. Kc3 Nc6 64. Kc4 Nxa7 65. Kc5 Nc8 66. Kb5 Kf6 67. Kc5 Ke7 68. Kd4 Kd7 69. Ke3 Kc7 70. Kf4 Kd6 71. Kg3 Ke6 72. Kh4 Ke5 73. Kg3 Nd6 74. Kf2 Nf5 75. Ke1 Ke4 76. Kd2 Bd5 77. Kc1 Ke5 78. Kb1 Kd6 79. Ka1 Kc5 80. Kb1 Kc4 81. Kc1 Kc3 82. Kb1 Nd4 83. Ka1 Nc2+ 84. Kb1 Nb4 85. Kc1 Ba2 86. Kd1 Nd3 87. Ke2 Nf4+ 88. Kf1 Kd4 89. Kg1 Nd5 90. Kh2 Ke4 91. Kg3 Ne3 92. Kh4 Nf5+ 93. Kg5 Ke5 0-1

[Event "CCT Chessable Masters Playin Match 2025"]
[Site "Online"]
[Date "2025.02.17"]
[Round "1.2"]
[White "Aravindh, Chithambaram VR."]
[Black "Duda, Jan-Krzysztof"]
[Result "0-1"]
[Annotator "TA"]
[ECO "D78"]
[WhiteElo "2729"]
[BlackElo "2739"]
[PlyCount "98"]
[EventDate "2025.02.13"]
[EventType "k.o."]
[EventCountry "NET"]
[SourceTitle "playchess.com"]
[Source "ChessBase"]
[SourceQuality "1"]
[TimeControl "600"]

1. d4 Nf6 2. Nf3 g6 3. g3 Bg7 4. Bg2 d5 5. O-O O-O 6. c4 c6 7. Nc3 dxc4 8. e4 {[%emt 0:00:01] is now more promising than 8.Ne5.} b5 9. Qe2 {[%emt 0:00:02] D78: Fianchetto Grünfeld: 6 0-0 c6.} a5 10. Rd1 b4 $5 {[%emt 0:00:08][%mdl 4] Leaves trodden paths.} (10... Ba6 $15) 11. Na4 $14 {[%emt 0:00:11][%cal Of3e5] White is slightly better.} Ba6 12. Nc5 {[%emt 0:00:35] White sacrificed a pawn} (12. Qc2 {keeps more tension.} b3 13. axb3 cxb3 14. Qxb3 Nxe4 15. Ne5) 12... Bb5 13. a4 $146 (13. e5 c3 14. Qc2 Nd5 15. e6 f5 16. h4 Na6 17. Nd7 a4 18. bxc3 Nxc3 19. Re1 {1-0 Galperin,P (2538)-Mazurek,R (2207) Oberliga Ost-B 2223 2022 (6.3)}) 13... bxa3 14. bxa3 {[%emt 0:00:09] a4 is in the air} a4 15. e5 (15. Rb1 $11) 15... Nd5 $15 {[%emt 0:00:06] And now ...Nc3 would win.} 16. Qe4 Nc3 17. Qh4 Nxd1 (17... Na6 $5 18. Bg5 Re8 $15 (18... Nxc5 19. Bxe7 Qd7 20. Bxc5 $15)) 18. Bh6 $1 Nc3 $2 (18... Qe8 $11 {and Black is okay.}) 19. Bxg7 $18 Kxg7 (19... h5 20. Bxf8 Qxf8) 20. Ng5 h5 {[%emt 0:00:31] [#]} (20... h6 21. Nge6+ fxe6 22. Nxe6+ Kf7 23. Nxd8+ Rxd8 24. Qxh6 $18) 21. Nge6+ $1 fxe6 22. Nxe6+ Kf7 23. Nxd8+ Rxd8 {[%emt 0:00:00] [#]} 24. e6+ $1 Ke8 25. Re1 {[%emt 0:00:04] and Qg5 would now be decisive Prevents Ne2+} Nd5 26. Qg5 ({Worse is} 26. Be4 Rd6 $11) 26... Rd6 27. Qh6 $40 {[%emt 0:00:32][%cal Rh6h8][%mdl 128] Black is in trouble.} (27. Qxg6+ Kd8 $16) 27... Nd7 $2 (27... Kd8 28. Qf8+ (28. Qxg6 Kc7 $14) 28... Kc7) 28. Qxg6+ (28. exd7+ Kxd7 29. Re5 c3 $18) 28... Kd8 29. Qg8+ ({Not} 29. Qxh5 N7f6 30. Qh8+ Ne8 $16) 29... Kc7 30. Qxa8 N7f6 31. Qa7+ Kc8 32. Bf1 c3 33. Bxb5 cxb5 34. Qc5+ Kb7 35. Qxb5+ Rb6 36. Qxa4 Rb2 37. Rc1 Rb6 38. Qc4 h4 39. Rxc3 Nxc3 40. Qxc3 {[%emt 0:00:00][%mdl 4096] Endgame KQ-KRN} h3 41. Kf1 Rxe6 42. f3 Rb6 43. Qc5 Rb1+ 44. Kf2 Rb2+ 45. Ke3 Ne8 46. Qd5+ Kc7 47. Qe5+ Kd8 48. Kf4 Rxh2 49. Ke4 $4 (49. Qb8+ $18 Kd7 50. Kg4 (50. Qb5+ Kd8 $18)) 49... Re2+ {[%emt 0:00:02] What a bad dream for White.   Weighted Error Value: White=0.22 (precise) /Black=0.61  Loses game:     	---       	Black=1      Mistake:       	White=1     	Black=3      Inaccurate:     	White=2     	Black=2      OK:         	White=7     	Black=5      Best:        	White=2     	Black=8      Strong:       	White=1     	---} 0-1